 Dungeon Crawl Stone Soup version 0.23.2-30-g0e89c35649 (webtiles) character file.

Game seed: 8175321303162742452

38774 OdinFK the Brawler (level 13, -11/135 HPs)
             Began as a Troll Berserker on June 7, 2019.
             Was the Champion of Trog.
             Killed from afar by Jorgrun (46 damage)
             ... with an iron shot
             ... on level 13 of the Dungeon.
             The game lasted 00:40:19 (10703 turns).

OdinFK the Brawler (Troll Berserker)               Turns: 10703, Time: 00:40:19

Health: -11/135    AC: 19    Str: 34    XL:     13   Next: 65%
Magic:  12/12      EV: 11    Int:  3    God:    Trog [******]
Gold:   986        SH:  0    Dex:  9    Spells: 12/12 levels left

rFire    . . .     SeeInvis .     - Unarmed
rCold    + + .     Gourm    +   (no shield)
rNeg     . . .     Faith    .   s - +1 ice dragon scales
rPois    .         Spirit   .   (helmet restricted)
rElec    .         Reflect  .   T - +2 cloak
rCorr    .         Harm     .   (gloves unavailable)
MR       .....                  (boots unavailable)
Stlth    ..........             m - amulet of regeneration
HPRegen  1.12/turn              N - ring of protection from fire
MPRegen  0.13/turn              X - +2 ring of strength

@: about to teleport, drained
A: large, unfitting armour, claws 3, fast metabolism 3, gourmand, regeneration
1, shaggy fur 1, tough skin 3
a: Berserk, Trog's Hand, Brothers in Arms, Renounce Religion


You were on level 13 of the Dungeon.
You worshipped Trog.
Trog was exalted by your worship.
You were full.

You visited 1 branch of the dungeon, and saw 14 of its levels.
You also visited: Sewer.

You collected 1163 gold pieces.
You spent 177 gold pieces at shops.

Inventory:

Hand Weapons
 x - the +10 morningstar "Eos" {elec, Halo rElec}
   (You found it on level 13 of the Dungeon)

   Occasionally, upon striking a foe, it will discharge some electrical energy
   and cause terrible harm.
   It insulates you from electricity.
 D - a +7 spear
Missiles
 E - 2 large rocks
 R - a throwing net (quivered)
Armour
 s - +1 ice dragon scales (worn)
 I - a +1 robe of magic resistance
 J - a scarf of resistance
 O - +0 acid dragon scales
 S - +0 steam dragon scales
 T - a +2 cloak (worn)
Jewellery
 l - an uncursed ring of flight
 m - an amulet of regeneration (around neck)
 q - an uncursed ring of poison resistance
 F - a +4 amulet of reflection
 H - a +4 ring of intelligence
 L - an uncursed ring of protection from fire
 N - a ring of protection from fire (left claw)
 X - a +2 ring of strength (right claw)
Wands
 C - a wand of disintegration (8)
 Q - a wand of acid (5)
 V - a wand of iceblast (5)
Scrolls
 a - 3 scrolls of enchant armour
 d - 3 scrolls of fear
 e - a scroll of fog {unknown}
 h - 4 scrolls of immolation
 i - 2 scrolls of identify
 t - 5 scrolls of teleportation
 u - 3 scrolls of remove curse
 v - 7 scrolls of magic mapping
 y - 3 scrolls of enchant weapon
 A - a scroll of blinking {unknown}
 B - 2 scrolls of acquirement {unknown}
 G - a scroll of torment {unknown}
 P - a scroll of brand weapon {unknown}
 U - a scroll of random uselessness {unknown}
Potions
 c - 6 potions of curing
 f - 2 potions of agility {unknown}
 g - 2 potions of lignification
 j - 3 potions of might
 k - 6 potions of flight
 n - 3 potions of brilliance
 o - 5 potions of berserk rage
 p - 2 potions of magic {unknown}
 r - 3 potions of mutation {unknown}
 w - 6 potions of heal wounds
 z - a potion of cancellation {unknown}
 K - 3 potions of resistance {unknown}
 M - 2 potions of invisibility {unknown}
Comestibles
 b - 24 rations


   Skills:
 + Level 10.3(9.2) Fighting
 + Level 3.2(2.3) Throwing
 + Level 6.7(5.7) Armour
 - Level 7.7(6.7) Dodging
 * Level 16.1(14.8) Unarmed Combat


You had 12 spell levels left.
You didn't know any spells.
Your spell library was empty.

Dungeon Overview and Level Annotations

Branches:
Dungeon (14/15)            Temple (0/1) D:4            Lair (0/6) D:10
    Orc (0/2) D:12         Vaults (0/5) D:13

Altars:
Cheibriados
Dithmenos
Elyvilon
Fedhas
Hepliaklqana
Kikubaaqudgha
Nemelex Xobeh
Okawaru
Qazlal
Sif Muna
Trog
Xom
The Shining One

Shops:
D:6 [

Annotations:
D:13 Jorgrun


Innate Abilities, Weirdness & Mutations

You are too large for most types of armour.
You have claws for hands.
Your metabolism is lightning-fast.
You like to eat raw meat.
Your natural rate of healing is unusually fast.
You are covered in fur. (AC +1)
You have extremely tough skin. (AC +3)


Message History

Jorgrun points at you and mumbles some strange words.
The iron shot hits you!!!
Things that are here:
2 arrows; an ugly thing skeleton Jorgrun says, "May tha earth consume ye!"
You see here an arrow.
You see here an arrow.
Jorgrun points at you and mumbles some strange words.
Roots burst forth from the earth!
The grasping roots grab you!
* * * LOW HITPOINT WARNING * * *
The grasping roots constrict you!
Items here: ( ))) [ †† You escape the roots' grasp.
Okay, then.
As you read the scroll of teleportation, it crumbles to dust.
You feel strangely unstable.
Jorgrun points at you and mumbles some strange words.
The iron shot hits you!!!
You die...

.......# ##.....# .......#
#....#.# ..###### #.####.#
..# #####.####.#
#######........#.#
.....##.########.#
.#...##'########.#
...............#.#
...............#@##. #
.((............#)#.. . .
.(...[.........#g#.#.# .#
.(.............#.#.#.# .#
.#....####.....#(#.#. ..##
..|##.# #...>.#(#..#.....
#..##.# #######(#)...#
...##.##########)#(..#
..###.#(...(<#.).)##......


You could see Jorgrun.

Vanquished Creatures
  Snorg (D:12)
  A fire dragon (D:13)
  An ogre mage (D:13)
  A hydra (D:9)
  An ice dragon (D:9)
  5 centaur warriors (D:13)
  14 two-headed ogres
  A tengu warrior (D:13)
  A queen ant (shapeshifter) (D:13)
  A deep elf knight (D:13)
  A deep elf archer (D:13)
  2 unseen horrors
  An orc knight (D:13)
  6 ugly things
  2 deep elf magi
  3 manticores
  A cyclops (D:13)
  A wolf spider zombie (D:13)
  A komodo dragon (D:12)
  A rime drake (shapeshifter) (D:13)
  2 trolls
  Grinder (D:5)
  A jumping spider (shapeshifter) (D:11)
  2 dream sheep
  6 hippogriffs
  4 slime creatures
  A shadow (D:12)
  3 wraiths
  11 yaks
  Menkaure (D:5)
  A steam dragon (D:11)
  4 vampire mosquitoes (D:12)
  A hungry ghost (D:10)
  A warg (D:12)
  Edmund (D:6)
  2 acid dragons (D:13)
  A soldier ant (D:11)
  A water moccasin (D:10)
  2 phantoms
  4 sky beasts
  3 orc warriors
  An eye of draining (D:13)
  3 ogres
  A necrophage (D:5)
  6 centaurs
  6 big kobolds
  2 bullfrogs
  2 gnoll sergeants
  A wyvern zombie (D:13)
  A wyvern skeleton (D:11)
  4 scorpions
  19 killer bees
  5 wights (D:9)
  6 howler monkeys
  4 crimson imps
  4 centaur zombies
  4 jellies
  5 hounds
  4 orc priests
  3 quasits
  A centaur skeleton (D:12)
  Natasha (thrice) (D:2)
  3 bullfrog skeletons
  5 iguanas
  17 orc wizards
  5 worker ants
  2 hound zombies
  2 hound skeletons (D:6)
  A worker ant zombie (D:11)
  13 gnolls
  17 adders
  5 river rats
  4 shadow imps
  An ooze (D:4)
  2 adder skeletons
  4 worms
  A dart slug (D:2)
  5 leopard geckos
  33 orcs
  8 giant cockroaches
  12 goblins
  9 hobgoblins
  10 jackals
  17 kobolds
  6 quokkas
  4 ball pythons
  9 bats
  6 frilled lizards
  A jackal skeleton (D:3)
  2 leopard gecko skeletons
  A quokka zombie (D:7)
  10 rats
399 creatures vanquished.

Vanquished Creatures (others)
  A deep elf mage (D:13)
  A kobold demonologist (D:13)
  A vampire (D:13)
  A hobgoblin (D:3)
4 creatures vanquished.

Grand Total: 403 creatures vanquished

Notes
Turn   | Place    | Note
-------+----------+-------------------------------------------
     0 | D:1      | OdinFK the Troll Berserker began the quest for the Orb.
     0 | D:1      | Reached XP level 1. HP: 22/22 MP: 0/0
    94 | D:1      | Reached XP level 2. HP: 29/29 MP: 1/1
   290 | D:1      | Reached ** piety under Trog
   294 | D:1      | Reached XP level 3. HP: 36/36 MP: 2/2
   605 | D:2      | Noticed Natasha
   613 | D:2      | Killed Natasha
   613 | D:2      | Reached skill level 4 in Unarmed Combat
   613 | D:2      | Reached XP level 4. HP: 44/44 MP: 3/3
   618 | D:2      | Noticed Natasha
   630 | D:2      | Killed Natasha
  1222 | D:2      | Noticed Natasha
  1227 | D:2      | Killed Natasha
  1227 | D:2      | Reached XP level 5. HP: 53/53 MP: 4/4
  1446 | D:2      | Found an iron altar of Okawaru.
  1446 | D:2      | Found an ancient bone altar of Kikubaaqudgha.
  1534 | D:3      | Found a white marble altar of Elyvilon.
  1609 | D:3      | Found a glowing drain.
  1628 | D:3      | Reached *** piety under Trog
  1651 | Sewer    | Entered a sewer
  1659 | Sewer    | Reached skill level 5 in Unarmed Combat
  1711 | Sewer    | Reached XP level 6. HP: 60/61 MP: 5/5
  1741 | Sewer    | Found a white marble altar of Elyvilon.
  1936 | D:3      | Found a blossoming altar of Fedhas.
  2109 | D:3      | Found a sparkling altar of Nemelex Xobeh.
  2115 | D:3      | Found a bloodstained altar of Trog.
  2118 | D:3      | Found a deep blue altar of Sif Muna.
  2228 | D:3      | Found a shadowy altar of Dithmenos.
  2768 | D:4      | Found a staircase to the Ecumenical Temple.
  2815 | D:4      | Reached **** piety under Trog
  2918 | D:5      | Entered Level 5 of the Dungeon
  2923 | D:5      | Reached skill level 6 in Unarmed Combat
  2923 | D:5      | Reached XP level 7. HP: 59/70 MP: 6/6
  3104 | D:5      | Noticed a water elemental
  3105 | D:5      | Found a stormy altar of Qazlal.
  3107 | D:5      | Noticed an air elemental
  3148 | D:5      | Noticed Grinder
  3153 | D:5      | Killed Grinder
  3153 | D:5      | Reached skill level 7 in Unarmed Combat
  3172 | D:5      | Noticed a fire elemental
  3266 | D:5      | Noticed Menkaure
  3273 | D:5      | Killed Menkaure
  3273 | D:5      | Reached XP level 8. HP: 57/79 MP: 7/7
  3509 | D:6      | Found a glowing golden altar of the Shining One.
  3570 | D:6      | Noticed Edmund
  3579 | D:6      | Killed Edmund
  3673 | D:6      | Found a shimmering altar of Xom.
  3674 | D:6      | Found a shimmering altar of Xom.
  3675 | D:6      | Found a shimmering altar of Xom.
  3675 | D:6      | Found a shimmering altar of Xom.
  3678 | D:6      | Found a shimmering altar of Xom.
  3701 | D:6      | You fall through a shaft!
  3709 | D:7      | Reached skill level 8 in Unarmed Combat
  3711 | D:7      | Reached skill level 5 in Fighting
  3711 | D:7      | Reached skill level 5 in Dodging
  4158 | D:6      | Found Afaceac's Armour Shoppe.
  4164 | D:6      | Bought a +1 robe of magic resistance for 177 gold pieces
  4506 | D:7      | Found a snail-covered altar of Cheibriados.
  4683 | D:8      | Reached XP level 9. HP: 88/88 MP: 8/8
  4708 | D:8      | Noticed a two-headed ogre
  4718 | D:8      | Killed a two-headed ogre
  4718 | D:8      | Reached skill level 9 in Unarmed Combat
  4777 | D:8      | Noticed a two-headed ogre
  4939 | D:8      | Reached ***** piety under Trog
  4945 | D:8      | Reached skill level 10 in Unarmed Combat
  4979 | D:8      | Noticed a two-headed ogre
  5030 | D:8      | Killed a two-headed ogre
  5222 | D:8      | Killed an unseen horror
  5222 | D:8      | Reached XP level 10. HP: 19/100 MP: 9/9
  5406 | D:7      | Killed a two-headed ogre
  5406 | D:7      | Reached skill level 11 in Unarmed Combat
  5579 | D:8      | Found a hazy altar of Hepliaklqana.
  5852 | D:9      | Noticed a deep elf mage
  5860 | D:9      | Killed a deep elf mage
  6127 | D:9      | Noticed a two-headed hydra
  6132 | D:9      | Killed a four-headed hydra
  6132 | D:9      | Reached skill level 12 in Unarmed Combat
  6208 | D:9      | Noticed a two-headed ogre
  6217 | D:9      | Killed a two-headed ogre
  6217 | D:9      | Reached XP level 11. HP: 79/110 MP: 10/10
  6357 | D:9      | Noticed an ice dragon
  6362 | D:9      | Killed an ice dragon
  6598 | D:10     | Entered Level 10 of the Dungeon
  6629 | D:10     | Received a gift from Trog
  6635 | D:10     | Killed an unseen horror
  6646 | D:10     | Reached skill level 1 in Armour
  7364 | D:10     | Noticed a two-headed ogre
  7367 | D:10     | Reached skill level 13 in Unarmed Combat
  7374 | D:10     | Killed a two-headed ogre
  7418 | D:10     | Found a staircase to the Lair.
  7868 | D:11     | Noticed a two-headed ogre
  7877 | D:11     | Killed a two-headed ogre
  8250 | D:11     | Reached XP level 12. HP: 122/122 MP: 11/11
  8525 | D:12     | Reached skill level 14 in Unarmed Combat
  8628 | D:12     | Noticed a two-headed ogre
  8649 | D:12     | Killed a two-headed ogre
  8673 | D:12     | Found a staircase to the Orcish Mines.
  8724 | D:12     | Noticed a two-headed ogre
  8730 | D:12     | Killed a two-headed ogre
  8849 | D:12     | Noticed a two-headed ogre
  8856 | D:12     | Killed a two-headed ogre
  8876 | D:12     | Noticed Snorg
  8885 | D:12     | Killed Snorg
  8885 | D:12     | Reached skill level 5 in Armour
  8989 | D:12     | You fall through a shaft for 2 floors!
  9180 | D:13     | Reached ****** piety under Trog
  9267 | D:12     | Noticed a two-headed ogre
  9273 | D:12     | Killed a two-headed ogre
  9304 | D:12     | Received a gift from Trog
  9540 | D:13     | Reached skill level 15 in Unarmed Combat
  9737 | D:13     | Noticed a two-headed ogre
  9740 | D:13     | Killed a two-headed ogre
  9815 | D:13     | Noticed a two-headed ogre
  9815 | D:13     | Noticed a two-headed ogre
  9816 | D:13     | Found a gate to the Vaults.
  9816 | D:13     | Noticed an ogre mage
  9831 | D:13     | Killed a two-headed ogre
  9838 | D:13     | Killed a two-headed ogre
  9838 | D:13     | Reached XP level 13. HP: 110/133 MP: 12/12
  9960 | D:13     | Found the +10 morningstar "Eos" {elec, Halo rElec}
 10164 | D:13     | Reached skill level 1 in Throwing
 10169 | D:13     | Reached skill level 10 in Fighting
 10286 | D:13     | Identified the +8 quarterstaff of Xid Laipt {crush, rN+
                  | Str-3 Int-3 Dex+10}
 10447 | D:13     | Noticed a fire dragon
 10455 | D:13     | a fire dragon changed into a satyr
 10460 | D:13     | Noticed a fire dragon
 10477 | D:13     | Noticed Jorgrun
 10482 | D:13     | Killed a fire dragon
 10607 | D:13     | Reached skill level 16 in Unarmed Combat
 10703 | D:13     | Killed from afar by Jorgrun

Skill      XL: |  1  2  3  4  5  6  7  8  9 10 11 12 13 |
---------------+----------------------------------------+-----
Unarmed Combat | 4 5 6 7 8 10 12 13 15 16 | 16.1
Fighting       | 3 4 5 6 7 8 9 10 | 10.3
Dodging        | 3 4 5 6 7 |  7.7
Armour         | 3 5 6 |  6.7
Throwing       | 3 |  3.2

Action                   |  1- 3 |  4- 6 |  7- 9 | 10-12 | 13-15 || total
-------------------------+-------+-------+-------+-------+-------++-------
Melee: Unarmed           |    74 |   213 |   234 |   534 |   141 ||  1196
       Punch             |       |     3 |     6 |    36 |    13 ||    58
Invok: Berserk           |     1 |       |     3 |     5 |     1 ||    10
  Use: Scroll            |       |     3 |     5 |     7 |     3 ||    18
  Eat: Chunk             |    11 |    21 |    26 |    49 |     7 ||   114
Armor: Animal skin       |    20 |    82 |    26 |       |       ||   128
       Skin              |       |     8 |       |       |       ||     8
       Robe              |       |       |    48 |     8 |       ||    56
       Ice dragon scales |       |       |       |   246 |    69 ||   315
Dodge: Dodged            |    33 |   121 |   128 |   308 |    46 ||   636
